 Dungeon Crawl Stone Soup version 0.16.1-11-g651b585 (webtiles) character file.

88351 ketsa the Severer (level 15, 0/105 (107) HPs)
             Began as a Hill Orc Fighter on Mar 29, 2015.
             Was the Champion of Makhleb.
             Slain by a hornet (4 damage)
             ... while paralysed by a hornet
             ... on level 3 of the Swamp on Apr 3, 2015.
             The game lasted 01:50:57 (30618 turns).

ketsa the Severer (Hill Orc Fighter)               Turns: 30618, Time: 01:50:57

HP:   0/105 (107)   AC: 20    Str: 26      XL:     15   Next: 93%
MP:   0/37          EV:  2    Int:  6 (8)  God:    Makhleb [******]
Gold: 2603          SH:  0    Dex: 12      Spells: 4 memorised, 16 levels left

rFire  . . .     SeeInvis +     e - +4 war axe (drain)
rCold  . . .     Clarity  .     f - +0 plate armour
rNeg   . . .     SustAb   .     c - +0 shield
rPois  .         Gourm    .     o - +1 hat {SInv}
rElec  .         Spirit   +     H - +0 cloak "Geweg" {MP+9 Dex+2 SInv}
rCorr  .         Warding  .     (no gloves)
rMut   .         Stasis   .     i - +0 pair of boots
MR     ++...                    O - amulet of guardian spirit
Stlth  ..........               M - ring of protection from magic
                                r - +3 ring of evasion

@: paralysed, lethally poisoned (0 -> -29), grasped by roots, slowed, very slow,
very resistant to hostile enchantments, extremely unstealthy
A: horns 1
a: Minor Destruction, Lesser Servant of Makhleb, Major Destruction, Greater
Servant of Makhleb, Renounce Religion


You were on level 3 of the Swamp.
You worshipped Makhleb.
Makhleb was exalted by your worship.
You were very hungry.

You visited 7 branches of the dungeon, and saw 32 of its levels.
You also visited: Sewer and Ossuary.

You collected 2603 gold pieces.

Inventory:

Hand weapons
 e - a +4 war axe of draining (weapon)
 D - a +1 hand axe of flaming
 K - a cursed +1 battleaxe
Missiles
 v - 4 javelins of penetration (quivered)
 P - 11 bolts
Armour
 c - a +0 shield (worn)
 f - a +0 plate armour (worn)
 i - a +0 pair of boots (worn)
 l - a +0 ring mail of cold resistance
 o - a +1 hat of see invisible (worn)
 H - the +0 cloak "Geweg" (worn) {MP+9 Dex+2 SInv}
   (You acquired it on level 12 of the Dungeon)

   It affects your dexterity (+2).
   It affects your magic capacity (+9).
   It enhances your eyesight.
Jewellery
 m - an uncursed ring of protection from fire
 r - a +3 ring of evasion (left hand)
 M - a ring of protection from magic (right hand)
 O - an amulet of guardian spirit (around neck)
 S - an uncursed ring of teleportation
 Y - a +5 ring of strength
 Z - an uncursed amulet of rage
Magical devices
 n - a wand of fire (13)
 w - a wand of draining (2)
 C - a wand of digging (10)
 Q - a wand of teleportation (3)
 R - a wand of fireball (1)
Scrolls
 a - 6 scrolls of recharging
 h - 22 scrolls of identify
 k - 2 scrolls of blinking
 p - 19 scrolls of remove curse
 u - 11 scrolls of teleportation
 x - 4 scrolls of amnesia
 B - a scroll of acquirement
 E - 2 scrolls of fog
 I - 2 scrolls of enchant armour
 N - a scroll of summoning
 V - 6 scrolls of fear
 W - a scroll of holy word
Potions
 b - a potion of ambrosia
 g - 6 potions of restore abilities
 j - 3 potions of flight
 z - 3 potions of curing
 F - 3 potions of cancellation
 J - a potion of invisibility
 L - 3 potions of might
 U - 3 potions of cure mutation
Miscellaneous
 X - a box of beasts
Comestibles
 d - 12 meat rations
 t - 5 royal jellies
 A - 9 bread rations
 G - 5 beef jerkies
 T - 25 fruits


   Skills:
 - Level 3.6 Fighting
 + Level 19.1 Axes
 - Level 5.3 Throwing
 + Level 13.6 Armour
 + Level 14.2 Shields
 - Level 4.4 Spellcasting
 - Level 5.3 Charms
 - Level 3.3 Summonings
 - Level 5.7 Necromancy
 - Level 2.3 Translocations
 - Level 9.1 Invocations
 + Level 4.2 Evocations


You had 16 spell levels left.
You knew the following spells:

 Your Spells              Type           Power        Failure   Level  Hunger
a - Apportation           Tloc           #.........   93%         1    ##.....
b - Animate Skeleton      Necr           N/A          28%         1    ##.....
c - Summon Small Mammal   Summ           #...         78%         1    ##.....
d - Regeneration          Chrm/Necr      #.........   82%         3    ####...


Dungeon Overview and Level Annotations

Branches:
Dungeon (13/15)            Temple (1/1) D:6            Lair (8/8) D:10
  Swamp (3/5) Lair:6       Spider (2/5) Lair:4          Orc (4/4) D:11
    Elf (1/3) Orc:3        Vaults (0/5) D:13
  Slime: Lair:6-8

Altars:
Ashenzari
Cheibriados
Dithmenos
Elyvilon
Fedhas
Gozag
Kikubaaqudgha
Makhleb
Nemelex Xobeh
Okawaru
Qazlal
Ru
Sif Muna
Trog
Vehumet
Xom
Yredelemnul
Zin
The Shining One
Beogh

Shops:
D:12 :   Orc:2 =   Orc:4 }!

Annotations:
Lair:6 exclusion: oklob plant
Swamp:1 exclusion: downstairs
Swamp:2 Asterion
Swamp:3 Norris


Innate Abilities, Weirdness & Mutations

You have a pair of small horns on your head.


Message History

You are lethally poisoned!
You suddenly lose the ability to move!
The vampire hits you with a long sword. The vampire barely misses you.
* * * LOW HITPOINT WARNING * * *
You feel sick.
Your green death gestures at Norris.
The bolt of poison hits Norris.
Norris looks even sicker.
Norris is engulfed in poison gas.
Norris looks even sicker.
The hornet stings you!
* * * LOW HITPOINT WARNING * * *
You are more poisoned.
You shrug off the repeated paralysis!
The giant leech bites you but does no damage.
* * * LOW HITPOINT WARNING * * *
You feel very sick.
The hornet stings you but does no damage.
The vampire hits you but does no damage.
The vampire bites you but does no damage.
Norris is engulfed in poison gas.
The hornet stings you!
You die...

.≈≈≈§♣♣♣P≈≈≈≈≈♣
♣.§≈.≈≈.≈≈.§@♣
♣.§≈♣)≈≈≈≈§§§♣
♣..♣≈≈≈.≈≈≈≈§♣
♣.≈≈≈≈.≈≈.≈≈♣
≈≈♣.≈≈≈≈.≈≈≈≈≈♣
≈≈.≈≈≈≈≈.≈....♣# +#
≈≈≈≈≈≈≈.§fV≈≈.≈♣♣.♣♣
.♣≈..≈.y@w≈..♣≈.≈≈≈≈§
≈≈≈≈≈≈≈≈≈≈≈.♣≈......
.≈≈≈≈≈≈≈≈.≈.♣≈...≈≈≈
....♣≈♣..≈≈≈....≈≈≈≈
≈≈≈.....≈♣♣.≈≈..≈≈.≈
≈♣≈.≈..≈..<.♣≈.≈♣..
≈≈.≈.≈≈≈≈≈≈≈≈≈≈≈≈≈
≈≈≈[.≈≈.♣≈≈≈≈≈≈≈
.≈..≈≈♣ ♣♣≈≈♣≈≈


You could see Norris (invisible), a shambling mangrove, a giant leech, a hornet
and a vampire (invisible).

Vanquished Creatures
  A sphinx (Spider:1)
  Kirke (Spider:1)
  An orc warlord (Orc:4)
  An emperor scorpion (Spider:2)
  4 vault guards (D:13)
  Harold (Lair:7)
  7 hydras
  The ghost of EmilioHeskey the Basher, an experienced OgBe of Trog (D:10)
  A centaur warrior (D:13)
  An alligator (Swamp:2)
  A catoblepas (Lair:8)
  5 death yaks (Lair:8)
  Urug (D:12)
  A sun demon (Orc:4)
  A deep troll shaman (Lair:8)
  An orc high priest (Orc:4)
  Nergalle (Lair:4)
  5 hill giants
  4 wolf spiders
  2 orc sorcerers (Orc:4)
  4 orb spiders
  4 orc knights
  A cyclops (D:12)
  2 griffons (Lair:8)
  3 ugly things
  Maurice (D:10)
  Joseph (D:10)
  13 elephants
  2 torpor snails
  2 black mambas
  13 spiny frogs
  4 demonic crawlers
  3 kobold demonologists (D:12)
  3 fire drakes
  A queen bee (D:9)
  A hellwing (Orc:4)
  4 trolls
  11 jumping spiders
  3 two-headed ogres
  3 komodo dragons
  2 polar bears
  5 giant leeches
  2 bog bodies
  5 slime creatures
  5 blink frogs (Lair:5)
  A raven (D:13)
  A trapdoor spider zombie (D:12)
  2 basilisks
  A boulder beetle (Spider:1)
  6 redbacks (Spider:1)
  26 yaks
  3 spriggans
  3 tarantellas (Spider:1)
  2 shadows (Swamp:1)
  2 hogs (Spider:1)
  4 trapdoor spiders
  Eustachio (D:9)
  A deep elf mage (D:9)
  6 hippogriffs
  15 vampire mosquitoes
  A hungry ghost (D:7)
  16 insubstantial wisps
  9 water moccasins
  A warg (Orc:4)
  9 swamp worms
  6 wolves
  3 black bears
  A necrophage (D:10)
  3 sky beasts
  5 ice beasts
  2 swamp drakes (Swamp:1)
  4 wasps
  2 phantoms
  13 porcupines
  5 spiders (Spider:2)
  34 orc warriors
  A boring beetle (Spider:1)
  9 ogres
  20 crocodiles
  10 centaurs
  An eye of draining (D:12)
  12 big kobolds
  Blork the orc (D:5)
  8 giant frogs
  A wyvern zombie (D:13)
  22 killer bees
  6 scorpions
  11 wights
  11 jellies
  5 electric eels
  6 crimson imps
  A goliath beetle (D:10)
  19 orc priests
  4 centaur zombies
  A giant frog zombie (D:7)
  7 hounds
  29 orc wizards
  2 giant frog skeletons
  13 iguanas
  An iron imp (D:12)
  13 hell rats (Lair:7)
  6 worker ants
  16 sheep
  Ijyb (D:2)
  A hound skeleton (D:8)
  4 mummies
  A worker ant zombie (D:5)
  50 river rats
  29 adders
  14 gnolls
  A giant mite (D:3)
  13 white imps
  4 worms
  An ufetubus (D:12)
  6 adder zombies
  9 giant geckos
  15 oozes
  216 orcs
  2 ball pythons
  18 bats
  A bat skeleton (D:4)
  A bat zombie (D:7)
  12 giant cockroaches
  22 goblins
  29 hobgoblins
  26 jackals
  13 quokkas
  5 giant newts
  A giant spore (D:10)
  2 hobgoblin zombies (Ossuary)
  49 kobolds
  5 kobold zombies (Ossuary)
  An orc zombie (Ossuary)
  3 quokka skeletons
  4 quokka zombies (Ossuary)
  20 rats
  2 rat zombies (Ossuary)
  A spectral orc (Lair:4)
  4 ballistomycetes (D:7)
  6 fungi
  4 plants
1159 creatures vanquished.

Vanquished Creatures (collateral kills)
  Rupert (Swamp:2)
  Louise (Swamp:3)
  A hydra (Swamp:2)
  A giant leech (Swamp:3)
  A vampire mosquito (Swamp:2)
  An orc warrior (Orc:3)
  An orc priest (Orc:3)
  A river rat (Lair:8)
  An orc (Orc:3)
9 creatures vanquished.

Vanquished Creatures (others)
  A hell rat (Lair:7)
  An ooze (D:5)
  2 jackals (D:7)
  A giant spore (D:7)
  A ballistomycete (D:7)
  A fungus (Lair:7)
  A plant (Lair:5)
8 creatures vanquished.

Grand Total: 1176 creatures vanquished

Notes
Turn   | Place    | Note
--------------------------------------------------------------
     0 | D:1      | ketsa, the Hill Orc Fighter, began the quest for the Orb.
     0 | D:1      | Reached XP level 1. HP: 19/19 MP: 1/1
   252 | D:1      | Reached XP level 2. HP: 23/26 MP: 2/2
   538 | D:1      | Reached skill level 4 in Axes
   730 | D:1      | Reached XP level 3. HP: 26/31 MP: 3/3
  1393 | D:2      | Reached skill level 5 in Axes
  1465 | D:2      | Noticed Ijyb
  1474 | D:2      | Reached XP level 4. HP: 39/39 MP: 4/4
  1488 | D:2      | Killed Ijyb
  1649 | D:2      | Found a deep blue altar of Sif Muna.
  1918 | D:2      | Reached XP level 5. HP: 24/45 MP: 5/5
  1926 | D:2      | Reached skill level 6 in Axes
  2368 | D:3      | Found a snail-covered altar of Cheibriados.
  2654 | D:3      | Found a glowing drain.
  2689 | Sewer    | Entered a sewer
  2718 | Sewer    | Noticed a crocodile
  2735 | Sewer    | Killed a crocodile
  2735 | Sewer    | Reached skill level 7 in Axes
  2735 | Sewer    | Reached XP level 6. HP: 27/51 MP: 6/6
  2982 | D:3      | Found a glowing silver altar of Zin.
  3048 | D:3      | Found a burning altar of Makhleb.
  3052 | D:3      | Found a bloodstained altar of Trog.
  3055 | D:3      | Found a sacrificial altar of Ru.
  3063 | D:3      | Became a worshipper of Makhleb the Destroyer
  3237 | D:3      | Reached skill level 5 in Shields
  3281 | D:3      | Reached skill level 8 in Axes
  3281 | D:3      | Reached XP level 7. HP: 57/57 MP: 7/7
  3345 | D:3      | Acquired Makhleb's first power
  3376 | D:3      | Reached skill level 9 in Axes
  3809 | D:3      | Acquired Makhleb's second power
  4452 | D:4      | Reached skill level 1 in Invocations
  4659 | D:4      | Found an iron altar of Okawaru.
  4775 | D:4      | Reached XP level 8. HP: 64/64 MP: 10/10
  4868 | D:4      | Found a sparkling altar of Nemelex Xobeh.
  5016 | D:4      | Acquired Makhleb's third power
  5016 | D:4      | Reached skill level 10 in Axes
  5517 | D:5      | Entered Level 5 of the Dungeon
  5555 | D:5      | Got a faintly humming leather armour
  5566 | D:5      | Identified the +1 leather armour of Noughts and Crosses {rC+} (You found it on level 5 of the Dungeon)
  6248 | D:5      | Noticed Blork the orc
  6683 | D:6      | Found a staircase to the Ecumenical Temple.
  6690 | Temple   | Entered the Ecumenical Temple
  6941 | D:6      | Reached skill level 11 in Axes
  7356 | D:7      | Found a sand-covered staircase.
  7361 | Ossuary  | Entered an ossuary
  7384 | Ossuary  | Acquired Makhleb's fourth power
  7691 | D:7      | Reached XP level 9. HP: 40/70 MP: 14/16
  7900 | D:7      | Found an opulent altar of Gozag.
  7931 | D:7      | Reached skill level 5 in Invocations
  8477 | D:7      | Found a shattered altar of Ashenzari.
  8576 | D:8      | Reached skill level 5 in Armour
  8689 | D:8      | Acquired Makhleb's fifth power
  8689 | D:8      | Reached skill level 12 in Axes
  9267 | D:8      | Found a white marble altar of Elyvilon.
  9344 | D:8      | Reached skill level 1 in Throwing
  9644 | D:9      | Found a basalt altar of Yredelemnul.
  9666 | D:9      | Reached XP level 10. HP: 77/77 MP: 20/20
  9722 | D:9      | Found a shimmering altar of Xom.
  9863 | D:9      | Reached skill level 13 in Axes
 10073 | D:9      | Noticed Eustachio
 10085 | D:9      | Killed Eustachio
 10486 | D:10     | Entered Level 10 of the Dungeon
 10496 | D:10     | Noticed a hill giant
 10931 | D:10     | Noticed Maurice
 10968 | D:10     | Killed Maurice
 11356 | D:10     | Killed a hill giant
 11356 | D:10     | Reached skill level 14 in Axes
 11393 | D:10     | Found a staircase to the Lair.
 11516 | D:10     | Noticed EmilioHeskey's ghost (experienced OgBe)
 11768 | D:10     | Noticed Joseph
 11936 | Lair:1   | Entered Level 1 of the Lair of Beasts
 11986 | Lair:1   | Reached XP level 11. HP: 82/82 MP: 21/21
 12871 | Lair:2   | Reached skill level 5 in Throwing
 12980 | Lair:2   | Reached skill level 15 in Axes
 14067 | Lair:3   | Got a warped hand crossbow
 14417 | Lair:4   | Noticed Nergalle
 14535 | D:10     | Noticed a hill giant
 14543 | D:10     | Killed a hill giant
 14543 | D:10     | Reached skill level 10 in Shields
 14557 | D:10     | Killed Joseph
 14901 | D:11     | Reached XP level 12. HP: 90/90 MP: 23/23
 14968 | D:11     | Found a staircase to the Orcish Mines.
 14984 | Orc:1    | Entered Level 1 of the Orcish Mines
 15125 | Orc:1    | Found a roughly hewn altar of Beogh.
 15387 | Orc:2    | Found Crep's Jewellery Shoppe.
 15465 | Orc:2    | Found a glowing silver altar of Zin.
 16139 | Orc:3    | Found a staircase to the Elven Halls.
 16236 | Orc:3    | Found a roughly hewn altar of Beogh.
 16336 | Elf:1    | Entered Level 1 of the Elven Halls
 17000 | D:11     | Noticed a hill giant
 17005 | D:11     | Killed a hill giant
 17005 | D:11     | Reached skill level 16 in Axes
 17172 | D:11     | Gained mutation: You have a pair of small horns on your head. [potion of beneficial mutation]
 17267 | D:11     | Reached skill level 10 in Armour
 17402 | Lair:4   | Killed Nergalle
 17822 | Lair:4   | Learned a level 1 spell: Apportation
 17824 | Lair:4   | Learned a level 1 spell: Animate Skeleton
 17826 | Lair:4   | Learned a level 1 spell: Summon Small Mammal
 17827 | Lair:4   | Identified the Almanac of Unstable Hexes (You found it on level 4 of the Lair of Beasts)
 17974 | Lair:4   | Found a hole to the Spider Nest.
 17974 | Lair:4   | Noticed an orb spider
 17995 | Lair:4   | Killed an orb spider
 18459 | Spider:1 | Entered Level 1 of the Spider Nest
 18508 | Lair:5   | Noticed a seven-headed hydra
 18533 | Lair:5   | Killed a two-headed hydra
 18778 | Lair:5   | Reached XP level 13. HP: 95/95 MP: 21/25
 18830 | Lair:5   | Reached skill level 17 in Axes
 19578 | Lair:5   | Noticed a six-headed hydra
 19601 | Lair:5   | Killed a one-headed hydra
 20005 | Lair:6   | Found a staircase to the Swamp.
 20047 | Swamp:1  | Entered Level 1 of the Swamp
 20134 | Lair:6   | Learned a level 3 spell: Regeneration
 20165 | Lair:6   | Identified a scroll of acquirement
 20187 | Lair:6   | Identified the cursed -2 hand crossbow "Yghiuzon" {venom, rF+ Str+5 Stlth-} (You found it on level 3 of the Lair of Beasts)
 20501 | Lair:8   | Entered Level 8 of the Lair of Beasts
 20599 | Lair:7   | Reached skill level 1 in Summonings
 20656 | Lair:7   | Reached skill level 1 in Charms
 20656 | Lair:7   | Reached skill level 1 in Necromancy
 20802 | Lair:7   | Noticed Harold
 20824 | Lair:7   | Killed Harold
 20824 | Lair:7   | Reached skill level 1 in Spellcasting
 21687 | Lair:8   | Reached XP level 14. HP: 102/102 MP: 17/25
 22121 | Lair:8   | Reached skill level 18 in Axes
 23151 | D:10     | Killed EmilioHeskey's ghost
 23669 | D:5      | Killed Blork the orc
 24166 | Orc:4    | Entered Level 4 of the Orcish Mines
 24470 | Orc:4    | Found Rar Len's Gadget Boutique.
 24697 | Orc:4    | Found Ydiutuug's Distillery.
 24751 | Orc:4    | Found a roughly hewn altar of Beogh.
 25209 | Orc:4    | Noticed an orc warlord
 25224 | Orc:4    | Killed an orc warlord
 25650 | D:12     | Found Klimodecah's Book Emporium.
 25700 | D:12     | Reached skill level 5 in Necromancy
 25702 | D:12     | Noticed Urug
 25733 | D:12     | Killed Urug
 25841 | D:12     | Got a pitted cloak
 25852 | D:12     | Identified the +0 cloak "Geweg" {MP+9 Dex+2 SInv} (You acquired it on level 12 of the Dungeon)
 26800 | D:13     | Found a gate to the Vaults.
 26832 | D:13     | Reached XP level 15. HP: 105/105 MP: 13/26
 26836 | D:13     | Reached skill level 5 in Charms
 27322 | Swamp:2  | Noticed Asterion
 28020 | Spider:1 | Reached skill level 1 in Evocations
 28027 | Spider:1 | Reached skill level 1 in Translocations
 28653 | Spider:1 | Noticed Kirke
 28657 | Spider:1 | Noticed a sphinx
 28664 | Spider:1 | Killed a sphinx
 28666 | Spider:1 | Killed Kirke
 29525 | Lair:1   | Upgraded the game from 0.16.1-7-g2c6721e to 0.16.1-11-g651b585
 29756 | Swamp:2  | Found a bloodstained altar of Trog.
 29775 | Swamp:2  | Reached skill level 19 in Axes
 29838 | Swamp:2  | Noticed Rupert
 29855 | Swamp:2  | Killed Rupert
 30590 | Swamp:3  | Noticed Louise
 30595 | Swamp:3  | Noticed Norris
 30602 | Swamp:3  | Killed Louise
 30605 | Swamp:3  | Paralysed by a hornet for 3 turns
 30616 | Swamp:3  | Paralysed by a hornet for 4 turns
 30618 | Swamp:3  | HP: 4/105 [poisoned by a hornet]
 30618 | Swamp:3  | Slain by a hornet

Action                   |  1- 3 |  4- 6 |  7- 9 | 10-12 | 13-15 || total
-------------------------+-------+-------+-------+-------+-------++-------
Melee: War axe           |   172 |   167 |   599 |   922 |  1593 ||  3453
       Hand axe          |       |       |       |     5 |    63 ||    68
 Fire: Blowgun           |       |       |     9 |     4 |       ||    13
Throw: Javelin           |       |       |       |       |     7 ||     7
Invok: Lesser Servant of |       |       |       |     1 |       ||     1
       Greater Servant o |       |       |       |       |     2 ||     2
       Major Destruction |       |       |       |       |     1 ||     1
Evoke: Wand              |       |       |     1 |       |     4 ||     5
  Use: Potion            |       |     2 |     6 |    10 |    11 ||    29
       Scroll            |       |       |    14 |     8 |    10 ||    32
 Stab: Distracted        |       |       |       |     1 |     1 ||     2
  Eat: Chunk             |     2 |     6 |    17 |    23 |    27 ||    75
       Beef jerky        |       |       |     1 |       |       ||     1
       Royal jelly       |       |       |     1 |     2 |       ||     3
       Bread ration      |       |       |     1 |       |       ||     1
       Fruit             |       |       |       |     5 |     4 ||     9
       Pizza             |       |       |       |       |     6 ||     6
